 Dungeon Crawl Stone Soup version 0.31-a0-1001-g770356a28f (webtiles) character file.

Game seed: 15794522250474982563

29554 Chiseanne the Nimble (level 13, -27/78 (90) HPs)
             Began as a Demonspawn Shapeshifter on Nov 8, 2023.
             Was a High Priest of Vehumet.
             Annihilated by Donald
             ... wielding a +0 broad axe of distortion
              (39 damage)
             ... on level 2 of the Orcish Mines.
             The game lasted 01:07:34 (18527 turns).

Chiseanne the Nimble (Demonspawn Shapeshifter)     Turns: 18527, Time: 01:07:35

HP:   -27/78 (90)   AC:  8    Str: 15    XL:     13   Next: 15%
MP:   0/26          EV: 23    Int: 20    God:    Vehumet [*****.]
Gold: 1510          SH: 18    Dex: 15    Spells: 14/30 levels left

rFire   + + .        a - +10 dagger of Otecwobe {heavy, rF++ Stlth+}
rCold   . . .        V - +2 tower shield {AC+3}
rNeg    . . .        I - +2 troll leather armour
rPois   .            (helmet currently unavailable)
rElec   .            (cloak currently unavailable)
rCorr   .            (gloves currently unavailable)
SInv    .            (boots currently unavailable)
Will    .....        (no amulet)
Stlth   ++           F - +5 ring of evasion
HPRegen 1.13/turn    D - +5 ring of evasion
MPRegen 0.40/turn

%: guardian spirit, wizardry (x1)
@: beast-form, heavily drained
A: beast (slay +1), demonic guardian 2, magic shield, magic regeneration, magic
link, big brain 3, demonic touch 1
a: Begin Untransformation, Renounce Religion


You were on level 2 of the Orcish Mines.
You worshipped Vehumet.
Vehumet was extremely pleased with you.
You were a hulking beast.
You visited 3 branches of the dungeon, and saw 17 of its levels.
You also visited: Ossuary.

You collected 1609 gold pieces.
You spent 99 gold pieces at shops.

Inventory:

Hand Weapons
 a - the +10 dagger of Otecwobe (weapon) {heavy, rF++ Stlth+}
   (You found it on level 2 of the Dungeon)

   rF++:      It greatly protects you from fire.
   Stlth+:    It makes you more stealthy.
 q - the +0 sling "Beetleslayer" {speed, Int+6}
   (You found it on level 11 of the Dungeon)

   Int+6:     It affects your intelligence (+6).
 s - a +2 dagger of venom
 w - a +3 heavy sling
 M - a +2 flail of protection
 U - the +5 mace "Miemud" {flame, +Blink rC+ Str+3}
   (You found it on level 14 of the Dungeon)

   Str+3:     It affects your strength (+3).
   rC+:       It protects you from cold.
   +Blink:    It lets you blink.
Missiles
 e - 4 javelins
 f - 60 poisoned darts (quivered)
 m - a throwing net
 G - 6 curare-tipped darts
 O - 5 boomerangs
Armour
 n - the +1 robe of Ruskir {Harm rN+ SInv Stlth+}
   (You found it on level 5 of the Dungeon)

   rN+:       It protects you from negative energy.
   SInv:      It lets you see invisible.
   Harm:      It increases damage dealt and taken.
   Stlth+:    It makes you more stealthy.
 o - a +2 robe of positive energy
 x - an orb of guile
 I - a +2 troll leather armour (worn)
 L - a +1 buckler
 N - a scarf of invisibility
 P - +0 acid dragon scales
 V - a +2 tower shield of protection (worn)
Jewellery
 r - the amulet "Dofewuv" {Faith Str+6 Int-3 Stlth+}
   (You found it on level 10 of the Dungeon)

   [amulet of faith]

   Faith:     It allows you to gain divine favour quickly.
   Str+6:     It affects your strength (+6).
   Int-3:     It affects your intelligence (-3).
   Stlth+:    It makes you more stealthy.
 u - a ring of willpower
 D - a +5 ring of evasion (right hand)
 F - a +5 ring of evasion (left hand)
 H - a ring of flight
 K - a ring of protection from cold
Talismans
 c - a beast talisman (active)
 d - a flux talisman
 i - a flux talisman
 t - a beast talisman (active)
 R - a serpent talisman
Wands
 b - a wand of mindburst (24)
 v - a wand of polymorph (22)
 y - a wand of charming (4)
 z - a wand of flame (28)
Scrolls
 g - 2 scrolls of vulnerability
 j - a scroll of amnesia
 l - 3 scrolls of fog
 p - 6 scrolls of identify
Potions
 h - 2 potions of lignification
 k - 2 potions of magic
 A - 2 potions of attraction
 B - 3 potions of curing
 C - a potion of mutation
 E - a potion of enlightenment
 S - 2 potions of might
 T - a potion of cancellation
Miscellaneous
 J - a phial of floods


   Skills:
 - Level 4.9 Fighting
 - Level 8.4 Short Blades
 - Level 1.2 Armour
 - Level 9.8 Dodging
 * Level 9.6 Shields
 - Level 5.3 Unarmed Combat
 * Level 9.0 Spellcasting
 * Level 8.4 Conjurations
 * Level 0.4 Poison Magic
 - Level 2.6 Shapeshifting


You had 14 spell levels left.
You knew the following spells:

 Your Spells              Type           Power      Damage    Failure   Level
a - Magic Dart            Conj           100%       1d8       1%          1
b - Stone Arrow           Conj/Erth      50%        3d10      4%          3
c - Fireball              Conj/Fire      12%        3d7       30%         5
d - Wereblood             Tmut           9%         N/A       34%         2
e - Olgreb's Toxic Radia  Pois           10%        N/A       43%         4
g - Apportation           Tloc           18%        N/A       24%         1

Your spell library contained the following spells:

 Spells                   Type           Power      Damage    Failure   Level
 Ozocubu's Refrigeration  Ice            4%         4d8       100%        7
 Poisonous Vapours        Pois/Air       18%        N/A       10%         2
 Sting                    Tmut/Pois      36%        1d4       22%         1
 Slow                     Hex            36%        N/A       24%         1
 Summon Small Mammal      Summ           36%        N/A       24%         1
 Cigotuvi's Dreadful Rot  Necr/Pois/Air  18%        N/A       32%         2
 Jinxbite                 Hex            18%        N/A       34%         2
 Sublimation of Blood     Necr           9%         N/A       34%         2
 Call Canine Familiar     Summ           9%         N/A       56%         3
 Confusing Touch          Hex            9%         N/A       56%         3
 Sigil of Binding         Hex            9%         N/A       56%         3
 Summon Guardian Golem    Hex/Summ       9%         N/A       56%         3
 Vampiric Draining        Necr           9%         2d6       56%         3
 Conjure Ball Lightning   Conj/Air       12%        3x3d6     78%         6
 Animate Armour           Summ/Erth      18%        N/A       91%         4
 Cause Fear               Hex            4%         N/A       91%         4
 Dispel Undead            Necr           9%         3d8       91%         4
 Alistair's Intoxication  Tmut/Pois      6%         N/A       99%         5
 Death Channel            Necr           4%         N/A       100%        6
 Summon Hydra             Summ           4%         N/A       100%        7
 Discord                  Hex            4%         N/A       100%        8
 Disjunction              Tloc           4%         N/A       100%        8
 Lehudib's Crystal Spear  Conj/Erth      12%        10d4      100%        8
 Dragon's Call            Summ           4%         N/A       100%        9


Dungeon Overview and Level Annotations

Branches:
Dungeon (14/15)            Temple (1/1) D:5            Lair (0/5) D:9
    Orc (2/2) D:12            Elf (0/3) Orc:2       Ossuary (visited)
 Vaults: D:13-14

Altars:
Ashenzari
Cheibriados
Dithmenos
Fedhas
Gozag
Hepliaklqana
Kikubaaqudgha
Makhleb
Nemelex Xobeh
Okawaru
Qazlal
Ru
Sif Muna
Trog
Uskayaw
Vehumet
Wu Jian
Xom
Yredelemnul

Shops:
D:5 ([***   D:13 (

Portals:
Abyss: D:4

Annotations:
D:3 Terence
D:4 2 transporters, Tinttamiau's ghost, amateur OpEE
D:8 3 runed translucent doors
D:12 exclusion: skeletal warrior
Orc:2 Donald


Innate Abilities, Weirdness & Mutations

You are a hulking beast.
Your limbs bulge with bestial killing power. (Slay +1)
A demonic guardian rushes to your aid.
When hurt, damage is shared between your health and your magic reserves.
You regenerate magic rapidly.
When low on magic, you restore magic in place of health.
You have an absolutely massive brain. (Int +6, Wiz)
Your touch may inflict minor irresistible damage on your foes.


Message History

You block Donald's attack. Donald misses you.
The orc sorcerer casts a spell.
Donald attacks as he pursues you! You block Donald's attack.
Donald hits you with a +0 broad axe of distortion!
* * * LOW HITPOINT WARNING * * *
A demonic guardian appears!
The smoke demon gestures at you. The ball of steam hits you! You resist.
* * * LOW HITPOINT WARNING * * *
Donald attacks as he pursues you! You block Donald's attack.
Donald hits your ice devil with a +0 broad axe of distortion!
Space warps around your ice devil.
Donald is engulfed in a cloud of scalding steam.
Donald completely misses you.
Donald hits your ice devil but does no damage.
Space warps around your ice devil.
Your ice devil hits Donald.
Your ice devil freezes Donald!
Donald is engulfed in a cloud of scalding steam.
Donald hits your ice devil with a +0 broad axe of distortion!!
Your ice devil dies!
Your ice devil disappears in a puff of smoke!
The smoke demon gestures at you. The sticky flame hits you. You resist.
You are covered in liquid flames!
* * * LOW HITPOINT WARNING * * *
You are covered in liquid flames!
Donald says, "At least there's gold.
That doesn't make up for it."
Okay, then.
You feel much better.
You are covered in liquid flames!
You are no longer on fire.
Donald hits you with a +0 broad axe of distortion!!
* * * LOW HITPOINT WARNING * * *
Space warps around you.
* * * LOW HITPOINT WARNING * * *
Donald hits you with a +0 broad axe of distortion!!!
Ouch! That really hurt!
You die...
Donald says, "I won.
I... don't hate that."

...................#......#
##................##.....##
##.)......................#
..........................#
.......<.................##
##...................#...#
##..................#...##
.............o.3....##.##
.........#....§@h...# ##
.............§§....##
...........#.......##
...#...........<....#
...................##
...........§.§.....#
.....#.............#
##.............#..##
#...#............#


You could see Donald (fast, strong, reflecting), a smoke demon (summoned) and an
orc sorcerer.

Vanquished Creatures
  A boulder beetle (D:11)
  2 centaur warriors
  3 two-headed ogres (D:9)
  Urug (D:11)
  2 skeletal warriors (D:11)
  Pikel (D:5)
  A necromancer (D:14)
  3 ugly things
  A harpy (shapeshifter) (D:14)
  An orc knight (D:12)
  An orc sorcerer (Orc:2)
  2 manticores
  A cyclops (D:10)
  A gargoyle (D:11)
  Jeremiah (D:6)
  A yaktaur (D:10)
  A polar bear (shapeshifter) (D:10)
  5 trolls
  Sigmund (D:2)
  15 slime creatures
  A flying skull (D:8)
  15 yaks
  A vampire (D:13)
  5 wraiths
  A fire elemental (D:11)
  10 humans
  A warg (D:12)
  2 acid dragons
  A water moccasin (D:7)
  Duvessa (D:6)
  13 orc warriors
  2 sky beasts
  A black bear (D:7)
  3 wolves (D:9)
  An ogre (Orc:1)
  An elephant zombie (D:8)
  3 centaurs
  A phantom (D:7)
  5 kobold brigands
  3 bullfrogs
  A gnoll sergeant (D:7)
  2 scorpions
  8 wights
  Dowan (D:6)
  9 killer bees
  3 howler monkeys
  7 electric eels
  A lava snake (D:12)
  3 centaur zombies
  6 hounds
  7 orc priests
  3 jellies
  An iguana (D:5)
  A sleepcap (D:4)
  19 orc wizards
  2 mummies (Ossuary)
  7 hound zombies (D:8)
  Robin (D:3)
  9 gnolls
  9 adders
  3 shadow imps
  An adder zombie (D:8)
  A worm (D:4)
  4 dart slugs
  60 orcs
  8 ball pythons
  6 endoplasms
  A giant cockroach (D:3)
  5 gnoll zombies (Ossuary)
  13 goblins
  7 hobgoblins
  9 jackals
  5 quokkas
  5 bats
  5 frilled lizards
  2 goblin zombies (Ossuary)
  3 hobgoblin zombies (Ossuary)
  31 kobolds
  2 orc zombies (Ossuary)
  5 rats
392 creatures vanquished.

Vanquished Creatures (collateral kills)
  A two-headed ogre (D:12)
  A skeletal warrior (D:11)
  A cyclops (D:9)
  A molten gargoyle (D:12)
  A slime creature (D:13)
  2 humans (D:14)
  3 yaks
  A vampire (D:10)
  A warg (D:12)
  Menkaure (D:5)
  An acid dragon (D:13)
  2 water moccasins (D:7)
  A black bear (D:5)
  An elephant zombie (D:8)
  An orc warrior (D:12)
  A wolf (D:9)
  2 ogres
  3 centaurs (D:13)
  A kobold brigand (D:7)
  A wight (D:4)
  A hound (D:3)
  A gnoll bouda (D:8)
  An iguana (D:3)
  A sleepcap (D:6)
  Ijyb (D:5)
  A hound zombie (D:8)
  5 gnolls
  2 adders
  A dart slug (D:3)
  2 orcs
  4 goblins (D:3)
  A quokka (D:3)
  A ball python (D:3)
  4 kobolds (D:7)
53 creatures vanquished.

Vanquished Creatures (others)
  An orc sorcerer (Orc:2)
  An orc wizard (Orc:2)
  A killer bee zombie (D:8)
  A goblin zombie (Ossuary)
4 creatures vanquished.

Grand Total: 449 creatures vanquished

Notes
Turn   | Place    | Note
-------+----------+-------------------------------------------
     0 | D:1      | Chiseanne the Demonspawn Shapeshifter began the quest for
                  | the Orb.
     0 | D:1      | Reached XP level 1. HP: 15/15 MP: 1/1
   182 | D:1      | Gained mutation: A weak demonic guardian rushes to your
                  | aid. [demonic ancestry]
   182 | D:1      | Reached XP level 2. HP: 11/22 MP: 2/2
   395 | D:1      | Found a faded altar of an unknown god.
   531 | D:1      | You fall into a shaft and drop 1 floor!
   550 | D:2      | Gained mutation: Your touch may inflict minor irresistible
                  | damage on your foes. [demonic ancestry]
   550 | D:2      | Reached XP level 3. HP: 25/29 MP: 3/3
   943 | D:2      | Noticed Sigmund
  1162 | D:3      | Reached XP level 4. HP: 35/35 MP: 4/4
  1294 | D:3      | Noticed Robin
  1318 | D:3      | Killed Robin
  1612 | D:3      | Reached skill level 1 in Shields
  1692 | D:3      | Noticed a sky beast
  1701 | D:3      | Killed a sky beast
  1702 | D:3      | Gained mutation: A demonic guardian rushes to your aid.
                  | [demonic ancestry]
  1702 | D:3      | Reached XP level 5. HP: 16/42 MP: 5/5
  1849 | D:3      | Gained mutation: You have an unusually large brain. (Int
                  | +2) [demonic ancestry]
  1849 | D:3      | Reached XP level 6. HP: 39/48 MP: 6/6
  1973 | D:3      | Noticed Terence
  2495 | D:4      | Found a transporter.
  2585 | D:4      | Noticed Tinttamiau's ghost (amateur OpEE)
  2600 | D:4      | Found a transporter.
  2967 | D:4      | Found a one-way gate to the infinite horrors of the Abyss.
  3175 | D:5      | Entered Level 5 of the Dungeon
  3289 | D:5      | Reached skill level 1 in Armour
  3298 | D:5      | Gained mutation: You have an extremely huge brain. (Int +4)
                  | [demonic ancestry]
  3298 | D:5      | Reached XP level 7. HP: 54/55 MP: 7/7
  3395 | D:5      | Found Qamuiff's Antique Armour Shop.
  3691 | D:5      | Found a staircase to the Ecumenical Temple.
  3698 | Temple   | Entered the Ecumenical Temple
  3775 | Temple   | Became a worshipper of Vehumet
  3905 | D:5      | Noticed Pikel
  3939 | D:5      | Killed Pikel
  3940 | D:5      | Gained mutation: You regenerate magic rapidly. [demonic
                  | ancestry]
  3940 | D:5      | Reached XP level 8. HP: 23/61 MP: 7/11
  4405 | D:5      | Found Gusufa's Assorted Antiques.
  4407 | D:5      | Found Roskoin's Assorted Antiques.
  4411 | D:5      | Found Godux's Antique Weapon Boutique.
  4412 | D:5      | Noticed Menkaure
  4438 | D:5      | Found Jaicunua's General Store.
  4470 | D:5      | Killed Menkaure
  4471 | D:5      | Reached skill level 5 in Unarmed Combat
  4626 | D:5      | Noticed Ijyb
  4825 | D:2      | Killed Sigmund
  5022 | D:2      | Identified the +10 dagger of Otecwobe {heavy, rF++ Stlth+}
  5335 | D:4      | Reached skill level 1 in Short Blades
  5335 | D:4      | Reached skill level 5 in Dodging
  5395 | D:5      | Killed Ijyb
  5395 | D:5      | Reached * piety under Vehumet
  5395 | D:5      | Offered knowledge of Foxfire by Vehumet.
  5570 | D:5      | Bought a cloak for 99 gold pieces
  5926 | D:5      | Found a sparkling altar of Nemelex Xobeh.
  6119 | D:5      | Identified the +1 robe of Ruskir {Harm rN+ SInv Stlth+}
  6420 | D:6      | Noticed Duvessa
  6421 | D:6      | Noticed Dowan
  6436 | D:6      | Killed Duvessa
  6437 | D:6      | Reached XP level 9. HP: 50/67 MP: 14/14
  6539 | D:6      | Killed Dowan
  6651 | D:6      | Noticed Jeremiah
  6673 | D:6      | Reached skill level 5 in Shields
  6727 | D:6      | Killed Jeremiah
  7601 | D:7      | Found a sand-covered staircase.
  7609 | Ossuary  | Entered an ossuary
  7758 | Ossuary  | Offered knowledge of Magic Dart by Vehumet.
  7761 | Ossuary  | Learned a level 1 spell: Magic Dart
  7772 | Ossuary  | Reached ** piety under Vehumet
  7996 | D:7      | Reached skill level 1 in Conjurations
  8414 | D:7      | Reached skill level 5 in Spellcasting
  8695 | D:8      | Found a snail-covered altar of Cheibriados.
  8765 | D:8      | Offered knowledge of Searing Ray by Vehumet.
  8828 | D:7      | Gained mutation: When hurt, damage is shared between your
                  | health and your magic reserves. [demonic ancestry]
  8828 | D:7      | Reached XP level 10. HP: 73/73 MP: 17/17
  8836 | D:8      | Reached *** piety under Vehumet
  8878 | D:8      | Found a runed translucent gate.
  8880 | D:8      | Found a runed translucent gate.
  8881 | D:8      | Found a runed translucent gate.
  8885 | D:8      | Noticed a cyan ugly thing
  8886 | D:8      | Noticed a glowing orange brain
  8887 | D:8      | Noticed a red ugly thing
  9869 | D:8      | Found a basalt altar of Yredelemnul.
  9939 | D:8      | Offered knowledge of Volatile Blastmotes by Vehumet.
 10407 | D:9      | Identified the +3 dagger of Non Obstante Veredicto {speed,
                  | Str+3}
 10433 | D:9      | Noticed a two-headed ogre
 10455 | D:9      | Killed a two-headed ogre
 10707 | D:9      | Reached skill level 5 in Short Blades
 10734 | D:9      | Noticed a cyclops
 10738 | D:9      | Found a staircase to the Lair.
 10860 | D:9      | Reached **** piety under Vehumet
 10918 | D:9      | Killed a cyclops
 11219 | D:9      | Noticed a two-headed ogre
 11236 | D:9      | Killed a two-headed ogre
 11237 | D:9      | Gained mutation: You have an absolutely massive brain. (Int
                  | +6, Wiz) [demonic ancestry]
 11237 | D:9      | Reached XP level 11. HP: 78/78 MP: 20/20
 11506 | D:10     | Entered Level 10 of the Dungeon
 11506 | D:10     | Noticed a two-headed ogre
 11509 | D:10     | Noticed a centaur warrior
 11520 | D:9      | Killed a two-headed ogre
 11521 | D:9      | Reached skill level 5 in Conjurations
 11562 | D:10     | Killed a centaur warrior
 11691 | D:10     | a blink frog changed into an entropy weaver
 11691 | D:10     | Noticed an entropy weaver (shapeshifter)
 11707 | D:10     | an entropy weaver changed into a polar bear
 11714 | D:10     | Offered knowledge of Airstrike by Vehumet.
 11726 | D:10     | Identified the amulet "Dofewuv" {Faith Str+6 Int-3 Stlth+}
 11787 | D:10     | Found an ornate altar of the Wu Jian Council.
 11791 | D:10     | Found a hide-covered altar of Uskayaw.
 11791 | D:10     | Found a sacrificial altar of Ru.
 11795 | D:10     | Identified the +9 dagger "Xegaach" {flame, Fragile rPois
                  | Will+ Int+4}
 12401 | D:10     | Noticed a brown ugly thing
 12439 | D:10     | Killed a brown ugly thing
 12707 | D:11     | Noticed Urug
 12779 | D:11     | Noticed a boulder beetle
 12806 | D:11     | Killed a boulder beetle
 13006 | D:11     | Killed Urug
 13088 | D:11     | Identified the +0 sling "Beetleslayer" {speed, Int+6}
 13351 | D:11     | Gained mutation: When low on magic, you restore magic in
                  | place of health. [demonic ancestry]
 13351 | D:11     | Reached XP level 12. HP: 60/85 MP: 23/23
 13407 | D:11     | Reached ***** piety under Vehumet
 13456 | D:12     | Offered knowledge of Eringya's Noxious Bog by Vehumet.
 13993 | D:12     | Found a staircase to the Orcish Mines.
 14285 | D:11     | Learned a level 3 spell: Stone Arrow
 14287 | D:11     | Learned a level 1 spell: Apportation
 14290 | D:11     | Learned a level 2 spell: Wereblood
 15201 | D:13     | Found Tocoy's Weapon Boutique.
 15201 | D:13     | Identified the +0 trident of the Median {venom, rPois rC+
                  | Dex+2}
 15352 | D:13     | Noticed a two-headed ogre
 15418 | D:13     | Noticed a centaur warrior
 15435 | D:12     | HP: 4/85 [two-headed ogre/+0 giant club (7)]
 15436 | D:12     | Killed a two-headed ogre
 15529 | D:13     | Killed a centaur warrior
 15616 | D:13     | Learned a level 5 spell: Fireball
 15624 | D:13     | Learned a level 4 spell: Olgreb's Toxic Radiance
 17184 | D:14     | Reached XP level 13. HP: 88/90 MP: 25/25
 17232 | D:14     | Identified the +5 mace "Miemud" {flame, +Blink rC+ Str+3}
 17430 | Lair:5   | Identified the "Xoawaxu"
 17430 | Orc:1    | Entered Level 1 of the Orcish Mines
 18400 | Orc:2    | Entered Level 2 of the Orcish Mines
 18411 | Orc:2    | Found a staircase to the Elven Halls.
 18444 | Orc:2    | Offered knowledge of Ozocubu's Refrigeration by Vehumet.
 18475 | Orc:2    | Paralysed by an orc sorcerer for 4 turns
 18489 | Orc:2    | Noticed Donald
 18511 | Orc:2    | Paralysed by an orc sorcerer for 2 turns
 18527 | Orc:2    | Annihilated by Donald

Illustrated notes

Levels and vault maps discovered:
D:1:      enne_arrival_octagon_isle, layout_loops_ring,
          dreamdust_ecumenical_altar_hidden_monk_grotto
D:2:      layout_basic, uniq_sigmund
D:3:      minmay_recursive_quarters, layout_loops_ring, minmay_ogre_servants,
          uniq_terence, uniq_robin
D:4:      layout_basic, gammafunk_ghost_abyssal_escape
D:5:      layout_layer_cave, nemelex_dance_club_becter,
          minmay_temple_entry_fiery, nicolae_shop_national_dungeon_mall,
          uniq_menkaure, uniq_pikel, uniq_ijyb
D:6:      layout_cave_pools, uniq_duvessa, uniq_jeremiah
D:7:      layout_loops_ring, chequers_ossuary_entry_cave, nrook_mini_vaults
D:8:      layout_cave_pools, mainiacjoe_overflow_catwalk,
          ploomutoo_gammafunk_ghost_potion_laboratory,
          kennysheep_cluttered_room, roadster_capsule_ark_zombie
D:9:      layout_roguey, erik_lair_island, eino_tiny_chamber, minmay_between
D:10:     layout_gridville, grunt_temple_overflow_open, minmay_diamond_spiral
D:11:     layout_basic, uniq_urug
D:12:     layout_big_octagon, hiddenorc2_lemuel
D:13:     layout_basic, serial_shops, shop
D:14:     layout_roguey, grunt_vaults_entry_tiered, hangedman_decor_opposing,
          kennysheep_diamond, minmay_misc_feat_x, uniq_jorgrun
Temple:   minmay_temple_bridge_d
Orc:1:    layout_caves, nicolae_orc_crystal_geode
Orc:2:    kennysheep_orc_mage_school, layout_caves, ebering_ghost_rock_garden,
          uniq_donald

Skill      XL: |  1  2  3  4  5  6  7  8  9 10 11 12 13 |
---------------+----------------------------------------+-----
Fighting       | 2 3 4 |  4.9
Unarmed Combat | 3 4 5 |  5.3
Dodging        | 2 3 4 5 6 7 8 9 |  9.8
Shields        | 1 2 3 4 6 7 8 9 |  9.6
Armour         | 1 |  1.2
Spellcasting   | 2 3 5 6 7 8 9 |  9.0
Short Blades   | 1 4 5 6 8 |  8.4
Conjurations   | 2 4 6 8 |  8.4
Poison Magic   | |  0.4
Shapeshifting  | |  2.6

Action                     |  1- 3 |  4- 6 |  7- 9 | 10-12 | 13-15 || total
---------------------------+-------+-------+-------+-------+-------++-------
  Melee: Short sword       |    74 |       |       |       |       ||    74
         Unarmed           |    42 |   228 |   104 |    22 |       ||   396
         Punch             |     3 |       |       |       |       ||     3
         Touch             |     3 |       |       |       |       ||     3
         Dagger            |       |       |   240 |   905 |   138 ||  1283
  Throw: Stone             |       |     4 |     8 |       |       ||    12
         Dart              |       |       |    16 |    42 |     1 ||    59
         Throwing net      |       |       |       |     2 |       ||     2
   Cast: Magic Dart        |       |       |     1 |    10 |    10 ||    21
         Stone Arrow       |       |       |       |    25 |    27 ||    52
         Fireball          |       |       |       |     8 |     1 ||     9
         Wereblood         |       |       |       |     1 |     2 ||     3
  Evoke: Wand              |       |       |     6 |    21 |    11 ||    38
         Phial of floods   |       |       |       |     1 |       ||     1
    Use: Scroll            |     7 |     1 |     6 |    13 |     3 ||    30
         Potion            |       |     3 |     4 |     2 |     1 ||    10
   Stab: Sleeping          |     1 |     3 |     3 |       |       ||     7
         Distracted        |       |       |     1 |       |       ||     1
         Betrayed ally     |       |       |     1 |       |       ||     1
         Held in net/web   |       |       |       |     1 |       ||     1
 Armour: Animal skin       |    62 |    43 |       |       |       ||   105
         Skin              |       |     8 |     9 |       |       ||    17
         Robe              |       |    58 |   177 |   137 |       ||   372
         Ring mail         |       |    18 |       |       |       ||    18
         Troll leather arm |       |       |       |   306 |    83 ||   389
  Dodge: Dodged            |    66 |    92 |   176 |   944 |   201 ||  1479
  Block: Buckler           |     2 |    44 |    84 |   374 |    68 ||   572
         Tower shield      |       |       |       |       |    11 ||    11
   Form: Beast             |       |       |       |     1 |       ||     1

Table legend: (Time is in decaauts)
 A = Elapsed time spent in this place.
 B = Non-inter-level travel time spent in this place.
 C = Inter-level travel time spent in this place.
 D = Time resting spent in this place.
 E = Time spent auto-exploring this place.
 F = Levels seen in this place.
 G = Mean time per level.
                   A        B        C        D        E       F      G
               +--------+--------+--------+--------+--------+-----+--------+
         Total |  18695 |  17994 |    701 |   5101 |   6791 |  18 | 1038.6 |
       Dungeon |  17471 |  16928 |    543 |   5071 |   6232 |  14 | 1247.9 |
        Temple |    152 |     12 |    140 |      0 |      0 |   1 |  152.0 |
  Orcish Mines |    813 |    796 |     17 |      0 |    497 |   2 |  406.5 |
       Ossuary |    258 |    258 |      0 |     30 |     62 |   1 |  258.0 |
               +--------+--------+--------+--------+--------+-----+--------+

Top non-repeatable levels by time:
     D:5: 2244 daAuts
    D:13: 2104 daAuts
     D:7: 1632 daAuts
     D:9: 1453 daAuts
    D:11: 1403 daAuts
     D:4: 1397 daAuts
     D:3: 1373 daAuts
    D:12: 1305 daAuts
     D:8: 1284 daAuts
    D:10: 824 daAuts
     D:2: 810 daAuts
     D:6: 724 daAuts
   Orc:1: 685 daAuts
     D:1: 531 daAuts
    D:14: 380 daAuts
